 Dungeon Crawl Stone Soup version 0.18.1-50-g88ac8fd (webtiles) character file.

94 thewizardguy the Conjurer (level 4, -11/33 HPs)
             Began as a Draconian Conjurer on Oct 2, 2016.
             Killed by divine providence
             ... invoked by an orc priest
              (15 damage)
             ... on level 3 of the Dungeon.
             The game lasted 00:13:25 (1851 turns).

thewizardguy the Conjurer (Draconian Conjurer)      Turns: 1851, Time: 00:13:26

Health: -11/33     AC:  6    Str: 10    XL:     4   Next: 38%
Magic:  0/8        EV: 18    Int: 22    God:
Gold:   136        SH:  0    Dex: 16    Spells: 1 memorised, 7 levels left

rFire  . . .     SeeInvis .     c - +0 spear
rCold  . . .     Gourm    .     (armour unavailable)
rNeg   . . .     Faith    .     (no shield)
rPois  .         Spirit   .     (helmet restricted)
rElec  .         Dismiss  .     (no cloak)
rCorr  .         Reflect  .     h - +0 pair of gloves
SustAt .         Harm     .     (no boots)
MR     .....                    (no amulet)
Stlth  +++.......               (no ring)
                                u - ring of flight

@: brilliant, agile, not resistant to hostile enchantments, fairly stealthy
A: unfitting armour, cold-blooded, AC +5
a: Evoke Flight


You were on level 3 of the Dungeon.
You were not hungry.

You visited 1 branch of the dungeon, and saw 3 of its levels.

You collected 136 gold pieces.

Inventory:

Hand Weapons
 c - a +0 spear (weapon)
 k - a +0 dagger
 p - a +4 dagger
Armour
 h - a +0 pair of gloves (worn)
Jewellery
 u - a ring of flight (left hand)
Scrolls
 e - a scroll of identify
 j - a scroll of noise {unknown}
 l - a scroll of enchant armour {unknown}
 o - a scroll of remove curse {unknown}
 r - a scroll of immolation {unknown}
Potions
 f - 2 potions of lignification {unknown}
 g - 2 potions of mutation {unknown}
 n - a potion of curing {unknown}
Books
 a - a book of Conjurations

   Spells                             Type                      Level
   a - Magic Dart                     Conjuration                  1
   b - Searing Ray                    Conjuration                  2
   c - Dazzling Spray                 Conjuration/Hexes            3
   d - Fulminant Prism                Conjuration/Hexes            4
   e - Iskenderun's Mystic Blast      Conjuration                  4
   f - Iskenderun's Battlesphere      Conjuration/Charms           5
Comestibles
 b - a bread ration
 d - 2 beef jerkies
 i - a meat ration
 m - 3 fruits
 s - a chunk of flesh


   Skills:
 + Level 0.2 Fighting
 + Level 2.4 Dodging
 + Level 2.2 Stealth
 + Level 2.7 Spellcasting
 + Level 4.9 Conjurations


You had 7 spell levels left.
You knew the following spells:

 Your Spells              Type           Power        Failure   Level  Hunger
a - Magic Dart            Conj           ####         1%          1    None


Dungeon Overview and Level Annotations

Branches:
Dungeon (3/15)

Altars:
Yredelemnul


Innate Abilities, Weirdness & Mutations

Your plain brown scales are hard (AC +5).
Your body does not fit into most forms of armour.
You are cold-blooded and may be slowed by cold attacks.


Message History

Pain shoots through your body!
* * * LOW HITPOINT WARNING * * *
Casting: Magic Dart
Confirm with . or Enter, or press ? or * to list all spells.
Aiming: Magic Dart
Press: ? - help, Shift-Dir - straight line, f/p - orc priest
Aim: an orc priest, wielding an enchanted mace (moderately wounded)
The magic dart hits the orc priest.
The orc priest is moderately wounded.
Drink which item? (? for menu, Esc to quit)
It was a potion of brilliance.
You feel clever all of a sudden.
The orc priest hits you with an enchanted mace.
* * * LOW HITPOINT WARNING * * *
Drink which item? (? for menu, Esc to quit)
It was a potion of agility.
You feel agile all of a sudden.
The orc priest calls down the wrath of Beogh upon you.
Beogh smites you!
You die...

.#[## .... #..# .# ..## ..o..
#..## #.# #.# ... #...###.# #.#
##o## ####...# #.#######.#o###
##.## .....##....)..# #.#
######### #(#.....#...#.# #.#
.......# #.#..##......o#####.#
#.#.##.###
#............ooo@...#.##.#.......
###<.##.......#######.#....##.###
###.>##.....#.# #..†....##.#
...........†..######..#....##.#
########...#####..............#
#...# #........#.#####
#...#####........#(####
#.....................####
######...####...........#.....#


You could see an orc priest and 3 orcs.

Vanquished Creatures
  4 adders
  An ooze (D:1)
  2 worms
  A dart slug (D:1)
  An orc (D:3)
  2 ball pythons
  2 giant cockroaches
  2 goblins
  4 hobgoblins
  10 jackals
  4 bats
  2 giant newts (D:1)
  6 kobolds
  4 rats
45 creatures vanquished.

Vanquished Creatures (others)
  A goblin (D:1)
1 creature vanquished.

Grand Total: 46 creatures vanquished

Notes
Turn   | Place    | Note
--------------------------------------------------------------
     0 | D:1      | thewizardguy the Draconian Conjurer began the quest for the Orb.
     0 | D:1      | Reached XP level 1. HP: 14/14 MP: 3/3
   155 | D:1      | Reached XP level 2. HP: 8/20 MP: 1/5
   746 | D:1      | Reached XP level 3. HP: 21/26 MP: 1/6
  1133 | D:2      | Found a basalt altar of Yredelemnul.
  1405 | D:2      | Reached XP level 4. HP: 33/33 MP: 3/7
  1434 | D:2      | You fall through a shaft!
  1851 | D:3      | Killed from afar by an orc priest

Skill      XL: |  1  2  3 |
---------------+----------+-----
Stealth        | 2 |  2.2
Dodging        | 2 |  2.4
Fighting       | |  0.2
Spellcasting   | |  2.7
Conjurations   | |  4.9

Action                   |  1- 3 |  4- 6 || total
-------------------------+-------+-------++-------
Melee: Spear             |    81 |     7 ||    88
       Tailslap          |     7 |     2 ||     9
 Cast: Magic Dart        |    55 |    30 ||    85
  Use: Potion            |       |     2 ||     2
       Scroll            |       |     1 ||     1
 Stab: Distracted        |     1 |       ||     1
       Sleeping          |     1 |       ||     1
  Eat: Fruit             |     2 |       ||     2
       Chunk             |       |     2 ||     2
Armor: Skin              |    42 |     1 ||    43
Dodge: Dodged            |    69 |     9 ||    78
